General information
			
			
        
        - name: BNet
 
        - type: Ladder team game (AT/RT)
 
        - host: Battle.net
 
        - saver: THEJONBENET
 
        
map: Monsoon 
        - players: 6
 
        - length: 15:16
 
        - speed: Fast
 - version: 1.22 W3XP
 - replay type:  Public
 
» download(132 KB)
Players
        team 1 (winner) 
              
              
ATOUCHOFHERLIPS (
pink | 100 APM | 1524 actions | 15:16)
              
 5 Death Knight 
 3 Death Coil
 1 Unholy Aura
 1 Death Pact
 2 Lich 
 1 Frost Nova
 1 Dark Ritual
 2 Crypt Lord 
 1 Impale
 1 Spiked Carapace
 
                » actions 
                
                | Assign group hotkey | 101 |  | 
| Basic commands | 6 |  | 
| Build / train | 41 |  | 
| ESC pressed | 1 |  | 
| Enter build submenu | 19 |  | 
| Enter hero's abilities submenu | 9 |  | 
| Give item / drop item | 2 |  | 
| Right click | 504 |  | 
| Select / deselect | 152 |  | 
| Select group hotkey | 621 |  | 
| Use ability | 68 |  | 
                1524 total
 » units 
                
                | Acolyte | 2 |  | 
| Ghoul | 2 |  | 
| Crypt Fiend | 8 |  | 
| Frost Wyrm | 3 |  | 
                15 total
 » upgrades
                » buildings
                
                | Crypt | 1 |  | 
| Graveyard | 1 |  | 
| Altar of Darkness | 1 |  | 
| Ziggurat | 4 |  | 
| Tomb of Relics | 1 |  | 
| Halls of the Dead | 1 |  | 
| Black Citadel | 1 |  | 
| Sacrificial Pit | 1 |  | 
| Necropolis | 2 |  | 
| Boneyard | 1 |  | 
                14 total
 » build order
                00:07 Crypt
00:19 Graveyard
00:42 Altar of Darkness
00:59 Ziggurat
01:25 Tomb of Relics
02:03 Ziggurat
03:58 Halls of the Dead
05:00 Ziggurat
07:21 Black Citadel
08:56 Sacrificial Pit
08:59 Necropolis
09:46 Ziggurat
10:35 Boneyard
11:22 Necropolis
» items
                
                | Rod of Necromancy | 1 |  | 
| Potion of Healing | 3 |  | 
| Potion of Mana | 1 |  | 
| Scroll of Healing | 2 |  | 
| Orb of Corruption | 1 |  | 
| Dust of Appearance | 1 |  | 
| Scroll of Town Portal | 1 |  | 
                10 total
  
               
              
              
THEJONBENET (
green | 125 APM | 1908 actions | 15:16)
              
 4 Tauren Chieftain 
 2 Shockwave
 2 Endurance Aura
 2 Shadow Hunter 
 1 Hex
 1 Healing Wave
 
                » actions 
                
                | Assign group hotkey | 18 |  | 
| Basic commands | 141 |  | 
| Build / train | 46 |  | 
| ESC pressed | 1 |  | 
| Enter build submenu | 12 |  | 
| Enter hero's abilities submenu | 6 |  | 
| Give item / drop item | 1 |  | 
| Right click | 835 |  | 
| Select / deselect | 397 |  | 
| Select group hotkey | 390 |  | 
| Use ability | 61 |  | 
                1908 total
 » units 
                
                | Peon | 6 |  | 
| Grunt | 11 |  | 
| Troll Witch Doctor | 3 |  | 
                20 total
 » upgrades
                
                | Berserker Strength | 1 |  | 
| Witch Doctor Training | 2 |  | 
| Pulverize | 1 |  | 
                4 total
 » buildings
                
                | Altar of Storms | 1 |  | 
| Orc Burrow | 5 |  | 
| Barracks | 1 |  | 
| Voodoo Lounge | 1 |  | 
| Stronghold | 1 |  | 
| War Mill | 1 |  | 
| Spirit Lodge | 2 |  | 
| Fortress | 1 |  | 
| Tauren Totem | 1 |  | 
                14 total
 » build order
                00:03 Altar of Storms
00:05 Orc Burrow
00:37 Barracks
01:26 Orc Burrow
01:58 Voodoo Lounge
03:01 Stronghold
03:42 Orc Burrow
04:01 War Mill
06:55 Spirit Lodge
06:57 Spirit Lodge
07:41 Fortress
08:58 Orc Burrow
11:50 Tauren Totem
13:32 Orc Burrow
» items
                
                | Healing Salve | 1 |  | 
| Lesser Clarity Potion | 3 |  | 
| Boots of Speed | 1 |  | 
| Scroll of Town Portal | 4 |  | 
| Potion of Mana | 1 |  | 
                10 total
  
               
              
              
» 
TIMG4STRok (
red | 98 APM | 1501 actions | 15:16)
              
 4 Archmage 
 2 Summon Water Elemental
 2 Brilliance Aura
 1 Pandaren Brewmaster 
 1 Breath of Fire
 
                » actions 
                
                | Assign group hotkey | 20 |  | 
| Basic commands | 59 |  | 
| Build / train | 58 |  | 
| Enter build submenu | 25 |  | 
| Enter hero's abilities submenu | 5 |  | 
| Give item / drop item | 3 |  | 
| Right click | 609 |  | 
| Select / deselect | 146 |  | 
| Select group hotkey | 515 |  | 
| Use ability | 61 |  | 
                1501 total
 » units 
                
                | Peasant | 15 |  | 
| Footman | 4 |  | 
| Ogre Magi | 1 |  | 
| Gryphon Rider | 6 |  | 
                26 total
 » upgrades
                
                | Masonry | 2 |  | 
| Lumber Harvesting | 2 |  | 
| Storm Hammers | 1 |  | 
| Animal War Training | 1 |  | 
| Swords | 2 |  | 
| Armor | 1 |  | 
                9 total
 » buildings
                
                | Altar of Kings | 1 |  | 
| Barracks | 1 |  | 
| Farm | 11 |  | 
| Scout Tower | 1 |  | 
| Arcane Tower | 1 |  | 
| Lumber Mill | 1 |  | 
| Arcane Vault | 2 |  | 
| Town Hall | 1 |  | 
| Keep | 2 |  | 
| Castle | 1 |  | 
| Gryphon Aviary | 2 |  | 
| Blacksmith | 1 |  | 
                25 total
 » build order
                00:21 Altar of Kings
00:27 Barracks
00:33 Farm
01:04 Farm
01:45 Farm
01:51 Scout Tower
02:27 Arcane Tower
03:19 Lumber Mill
04:06 Arcane Vault
04:24 Town Hall
04:36 Farm
05:24 Keep
05:24 Keep
07:20 Farm
07:22 Farm
07:23 Farm
07:46 Castle
08:05 Gryphon Aviary
08:06 Gryphon Aviary
08:57 Blacksmith
10:33 Farm
10:35 Farm
11:56 Farm
11:57 Farm
12:03 Arcane Vault
» items
                
                | Scroll of Regeneration | 2 |  | 
| Boots of Speed | 2 |  | 
| Scroll of Protection | 1 |  | 
| Lesser Clarity Potion | 1 |  | 
| Potion of Healing | 1 |  | 
| Scroll of Healing | 2 |  | 
                9 total
  
               team 2 (loser) 
              
              
cheech.y.cHong- (
purple | 93 APM | 1419 actions | 15:15)
              
 4 Death Knight 
 2 Death Coil
 2 Unholy Aura
 2 Lich 
 1 Frost Nova
 1 Frost Armor
 
                » actions 
                
                | Assign group hotkey | 38 |  | 
| Basic commands | 179 |  | 
| Build / train | 65 |  | 
| ESC pressed | 1 |  | 
| Enter build submenu | 15 |  | 
| Enter hero's abilities submenu | 6 |  | 
| Right click | 377 |  | 
| Select / deselect | 364 |  | 
| Select group hotkey | 287 |  | 
| Use ability | 87 |  | 
                1419 total
 » units 
                
                | Acolyte | 12 |  | 
| Ghoul | 5 |  | 
| Crypt Fiend | 9 |  | 
| Obsidian Statue | 6 |  | 
                32 total
 » upgrades
                
                | Creature Attack | 2 |  | 
| Web | 1 |  | 
| Destroyer Form | 1 |  | 
                4 total
 » buildings
                
                | Crypt | 1 |  | 
| Graveyard | 1 |  | 
| Ziggurat | 5 |  | 
| Altar of Darkness | 1 |  | 
| Tomb of Relics | 1 |  | 
| Nerubian Tower | 2 |  | 
| Halls of the Dead | 4 |  | 
| Slaughterhouse | 2 |  | 
| Black Citadel | 2 |  | 
                19 total
 » build order
                00:07 Crypt
00:16 Graveyard
00:43 Ziggurat
01:05 Altar of Darkness
01:46 Ziggurat
02:18 Tomb of Relics
02:58 Nerubian Tower
04:21 Halls of the Dead
04:21 Halls of the Dead
04:35 Ziggurat
05:03 Ziggurat
06:47 Slaughterhouse
08:20 Black Citadel
08:20 Black Citadel
09:37 Slaughterhouse
10:18 Ziggurat
» items
                
                | Rod of Necromancy | 3 |  | 
| Potion of Healing | 1 |  | 
                4 total
  
               
              
              
Markyzas (
teal | 106 APM | 1617 actions | 15:11)
              
 3 Blademaster 
 1 Wind Walk
 2 Critical Strike
 1 Tauren Chieftain 
 1 Shockwave
 
                » actions 
                
                | Assign group hotkey | 36 |  | 
| Basic commands | 119 |  | 
| Build / train | 53 |  | 
| ESC pressed | 1 |  | 
| Enter build submenu | 16 |  | 
| Enter hero's abilities submenu | 4 |  | 
| Give item / drop item | 5 |  | 
| Right click | 536 |  | 
| Select / deselect | 249 |  | 
| Select group hotkey | 525 |  | 
| Use ability | 73 |  | 
                1617 total
 » units 
                
                | Peon | 7 |  | 
| Grunt | 8 |  | 
| Shaman | 6 |  | 
| Tauren | 1 |  | 
                22 total
 » upgrades
                
                | Berserker Strength | 1 |  | 
| Shaman Training | 2 |  | 
| Armor | 1 |  | 
| Reinforced Defenses | 1 |  | 
                5 total
 » buildings
                
                | Altar of Storms | 1 |  | 
| Orc Burrow | 9 |  | 
| Voodoo Lounge | 1 |  | 
| Barracks | 1 |  | 
| Stronghold | 3 |  | 
| Spirit Lodge | 1 |  | 
| Fortress | 2 |  | 
| War Mill | 1 |  | 
| Tauren Totem | 1 |  | 
                20 total
 » build order
                00:07 Altar of Storms
00:19 Orc Burrow
01:06 Voodoo Lounge
01:24 Barracks
01:49 Orc Burrow
03:11 Stronghold
03:11 Stronghold
03:11 Stronghold
04:02 Orc Burrow
06:12 Spirit Lodge
06:14 Fortress
07:42 Orc Burrow
08:01 Orc Burrow
08:03 Orc Burrow
08:05 Orc Burrow
08:59 War Mill
11:56 Orc Burrow
13:23 Orc Burrow
13:27 Tauren Totem
» items
                
                | Healing Salve | 4 |  | 
| Lesser Clarity Potion | 1 |  | 
| Boots of Speed | 1 |  | 
| Scroll of Speed | 1 |  | 
| Scroll of Town Portal | 2 |  | 
| Scroll of Protection | 1 |  | 
                10 total
  
               
              
              
wk-80.Komi. (
blue | 160 APM | 2428 actions | 15:09)
              
 5 Death Knight 
 2 Death Coil
 3 Unholy Aura
 2 Lich 
 1 Frost Nova
 1 Frost Armor
 
                » actions 
                
                | Assign group hotkey | 25 |  | 
| Basic commands | 118 |  | 
| Build / train | 39 |  | 
| Enter build submenu | 17 |  | 
| Enter hero's abilities submenu | 7 |  | 
| Give item / drop item | 1 |  | 
| Right click | 504 |  | 
| Select / deselect | 285 |  | 
| Select group hotkey | 1370 |  | 
| Use ability | 62 |  | 
                2428 total
 » units 
                
                | Acolyte | 5 |  | 
| Ghoul | 5 |  | 
| Crypt Fiend | 5 |  | 
| Frost Wyrm | 3 |  | 
                18 total
 » upgrades
                » buildings
                
                | Altar of Darkness | 1 |  | 
| Crypt | 1 |  | 
| Ziggurat | 5 |  | 
| Graveyard | 1 |  | 
| Tomb of Relics | 1 |  | 
| Halls of the Dead | 1 |  | 
| Nerubian Tower | 1 |  | 
| Black Citadel | 1 |  | 
| Sacrificial Pit | 1 |  | 
| Boneyard | 2 |  | 
| Necropolis | 1 |  | 
                16 total
 » build order
                00:04 Altar of Darkness
00:06 Crypt
00:32 Ziggurat
00:57 Graveyard
01:23 Tomb of Relics
02:05 Ziggurat
03:01 Halls of the Dead
04:57 Nerubian Tower
05:21 Ziggurat
06:12 Black Citadel
06:35 Sacrificial Pit
08:54 Boneyard
08:57 Boneyard
09:29 Ziggurat
11:49 Ziggurat
13:42 Necropolis
» items
                
                | Rod of Necromancy | 2 |  | 
| Potion of Healing | 1 |  | 
| Scroll of Town Portal | 4 |  | 
| Orb of Corruption | 1 |  | 
                8 total
  
                Chat log
          
(09:26 / Allies) ATOUCHOFHERLIPS: 2k gold 50 wod har har
(10:50 / All) Markyzas: tp
(10:59 / All) ATOUCHOFHERLIPS: ok lol